AoeStats
← Tweedle Dum

Arabia

507389495Analyzed
2v2 RM · 15d ago on Sep 18, 2026· 31m 50s· 4 players
Game mode
Random Map
Map size
Medium (4 player)
Population
200
Speed
Normal
Resources
Standard
Victory
Conquest
Starting age
Dark Age
Ending age
Imperial Age
RankedLock teamsTeams togetherTeam positionsShared explorationLock speedFull tech treeHidden civsTurbo modeCheats
Victory
Defeat
🇺🇸 Britons · United States
1507
+18
🇺🇸 Koreans · United States
1506
+18
🇧🇷 Italians · Brazil
1581
-19
🇧🇷 Cumans · Brazil
1529
-17
Tweedle Dee
8:46 Loom
11:33 Feudal Age
13:18 Town Watch
17:15 Fletching
21:27 Castle Age
19:54 Gold Mining
19:59 Double-Bit Axe
20:22 Horse Collar
21:15 Scale Barding Armor
22:39 Wheelbarrow
22:21 Bow Saw
24:37 Husbandry
27:16 Chain Barding Armor
28:16 Heavy Plow
29:26 Forging
29:52 Stone Mining
31:59 Gold Shaft Mining
Tweedle Dum
6:36 Loom
8:56 Feudal Age
10:09 Double-Bit Axe
15:14 Fletching
22:07 Castle Age
20:11 Horse Collar
22:08 Crossbowman
22:44 Bodkin Arrow
25:38 Ballistics
[cM] fcasalen
5:43 Loom
8:36 Feudal Age
14:41 Fletching
16:00 Double-Bit Axe
22:07 Castle Age
20:47 Gold Mining
21:15 Padded Archer Armor
23:17 Bow Saw
23:27 Bodkin Arrow
24:00 Elite Skirmisher
25:18 Ballistics
24:50 Crossbowman
28:52 Leather Archer Armor
28:30 Town Watch
30:24 Wheelbarrow
GuguBot
10:49 Feudal Age
9:57 Loom
13:25 Scale Barding Armor
13:35 Double-Bit Axe
14:59 Forging
21:32 Fletching
23:57 Horse Collar
28:11 Castle Age
26:32 Bloodlines
29:15 Chain Barding Armor
28:58 Bodkin Arrow
Connection lost

Rejoining the realm…

Still unreachable

The connection could not be restored.

Session expired

The server has moved on; the page needs a fresh start.